 Dungeon Crawl Stone Soup version 0.23-a0-550-g7de1f8e (webtiles) character file.

85313 iamserjio the Covert (level 15, -5/105 HPs)
             Began as an Octopode Wanderer on Dec 9, 2018.
             Was a High Priest of Makhleb.
             Killed from afar by an orc sorcerer (30 damage)
             ... with a bolt of negative energy
             ... on level 2 of the Orcish Mines.
             The game lasted 01:30:53 (33751 turns).

iamserjio the Covert (Octopode Wanderer)           Turns: 33751, Time: 01:30:55

Health: -5/105     AC:  5    Str: 19    XL:     15   Next: 83%
Magic:  21/21      EV: 23    Int: 12    God:    Makhleb [*****.]
Gold:   1635       SH:  6    Dex: 22    Spells: 21/22 levels left

rFire    + . .     SeeInvis .   y - +1 great sword (slice)
rCold    . . .     Gourm    .   (shield currently unavailable)
rNeg     . . .     Faith    .   C - +2 hat {MR+}
rPois    .         Spirit   .   v - +6 amulet of reflection (curse)
rElec    .         Reflect  +   J - ring of stealth
rCorr    .         Harm     .   p - +4 ring of dexterity
MR       ++...                  V - +2 ring of protection
Stlth    +++++++...             I - ring of protection from fire
HPRegen  0.27/turn              a - +5 ring of strength
MPRegen  0.17/turn              (no ring)
                                (no ring)
                                (no ring)

@: heavily drained
A: almost no armour, stealthy swim, amphibious, 8 rings, constrict 8, camouflage
1, gelatinous body 1
a: Minor Destruction, Lesser Servant of Makhleb, Major Destruction, Greater
Servant of Makhleb, Renounce Religion


You were on level 2 of the Orcish Mines.
You worshipped Makhleb.
Makhleb was extremely pleased with you.
You were not hungry.

You visited 3 branches of the dungeon, and saw 23 of its levels.
You also visited: Gauntlet.

You collected 1635 gold pieces.

Inventory:

Hand Weapons
 e - a +4 dagger
 u - a +0 blowgun
 x - a +0 scimitar of flaming
 y - a +1 great sword of slicing (weapon)
 N - the +2 short sword "Exaogh" {freeze, MR+ Str+4}
   (You took it off a wight on level 9 of the Dungeon)

   It has been specially enchanted to freeze those struck by it, causing extra
   injury to most foes and up to half again as much damage against particularly
   susceptible opponents.
   It can also slow down cold-blooded creatures.
   It affects your strength (+4).
   It affects your resistance to hostile enchantments.
Missiles
 d - 573 arrows
 h - 3 throwing nets (quivered) {!f}
 O - 7 curare-tipped needles {!f}
 S - 5 javelins
Armour
 g - a +0 buckler
 q - a +0 shield of poison resistance
 C - a +2 hat of magic resistance (worn)
Jewellery
 a - a +5 ring of strength (on tentacle)
 p - a +4 ring of dexterity (right tentacle)
 v - a cursed +6 amulet of reflection (around mantle)
 I - a ring of protection from fire (on tentacle)
 J - a ring of stealth (left tentacle)
 V - a +2 ring of protection (on tentacle)
 Y - an uncursed ring of ice
Wands
 s - a wand of acid (5)
 z - a wand of flame (16)
 G - a wand of disintegration (10)
 R - a wand of random effects (4)
 W - a wand of digging (18)
Scrolls
 b - a scroll of acquirement {unknown}
 i - a scroll of fear
 k - 9 scrolls of remove curse {@r2}
 l - 6 scrolls of enchant weapon
 n - 3 scrolls of enchant armour
 t - a scroll of magic mapping
 B - 6 scrolls of immolation
 K - a scroll of teleportation
 U - a scroll of silence
Potions
 c - 6 potions of flight
 m - 2 potions of magic
 o - 5 potions of ambrosia
 r - 13 potions of curing {@q1}
 w - 3 potions of brilliance
 A - a potion of agility
 D - 3 potions of might
 E - a potion of lignification
 F - 2 potions of resistance {unknown}
 H - a potion of invisibility
 L - 3 potions of heal wounds
 P - 2 potions of haste
Comestibles
 f - 27 rations
 M - 4 chunks of flesh


   Skills:
 + Level 10.5(7.9) Fighting
 - Level 6.8(8.4) Short Blades
 - Level 13.4(11.1) Long Blades
   Level 2.0(0.0) Axes
   Level 1.1(0.0) Polearms
   Level 4.0(1.7) Crossbows
 - Level 1.0(0.0) Throwing
 + Level 13.9(11.0) Dodging
 - Level 14.0(11.1) Stealth
 * Level 5.7(3.3) Shields
 - Level 4.0(1.8) Spellcasting
 - Level 2.1(0.0) Hexes
 - Level 3.6(1.4) Invocations
 - Level 5.5(3.2) Evocations


You had 21 spell levels left.
You knew the following spells:

 Your Spells              Type           Power        Failure   Level  Hunger
a - Confusing Touch       Hex            #.....       26%         1    ##.....

Your spell library contained the following spells:

 Spells                   Type           Power        Failure   Level  Hunger
 Confuse                  Hex            #.......     63%         3    ####...
 Gell's Gravitas          Tloc           #.........   63%         3    ####...
 Cause Fear               Hex            #.........   95%         4    #####..
 Leda's Liquefaction      Hex/Erth       #.........   95%         4    #####..
 Petrify                  Tmut/Erth      #.......     95%         4    #####..
 Metabolic Englaciation   Hex/Ice        #.........   100%        5    ######.
 Yara's Violent Unravell  Hex/Tmut       #.........   100%        5    ######.
 Discord                  Hex            #.........   100%        8    #######


Dungeon Overview and Level Annotations

Branches:
Dungeon (15/15)            Temple (0/1) D:4            Lair (6/6) D:8
  Swamp (0/4) Lair:2        Snake (0/4) Lair:3        Slime (0/5) Lair:6
    Orc (2/2) D:11            Elf (0/3) Orc:2        Vaults (0/5) D:13
 Depths (0/5) D:15

Altars:
Fedhas
Gozag
Kikubaaqudgha
Makhleb
Nemelex Xobeh
Okawaru
Trog
Vehumet
Yredelemnul
Jiyva

Portals:
Trove: D:15 (give 17 potions of curing)

Annotations:
D:2 exclusion: door
D:13 3 runed doors, Iseh's ghost, journeyman FoFi
D:15 1 runed door, exclusion: orange crystal statue
Lair:3 3 runed doors, tilp's ghost, journeyman MfIE
Orc:2 Josephine


Innate Abilities, Weirdness & Mutations

You cannot wear most types of armour.
You are very stealthy in the water. (Stealth+)
You are amphibious.
You can wear up to eight rings at the same time.
You can use your tentacles to constrict eight enemies at once.
Your skin changes colour to match your surroundings (Stealth+).
Your rubbery body absorbs attacks. (AC +1, EV +1)


Message History

The ghostly flame explodes!
The ghostly fireball engulfs you!
You feel drained.
* * * LOW HITPOINT WARNING * * *
The ghostly fireball engulfs the wraith.
The wraith completely resists.
The ghostly fireball engulfs the wraith.
The wraith completely resists.
The ghostly fireball engulfs Josephine.
Josephine completely resists.
The ghostly fireball engulfs the wraith.
The wraith completely resists.
The ghostly fireball engulfs the orc wizard.
The orc wizard is drained!
The orc wizard dies!
The wraith misses you.
You hear a shout! x9
A warg and an orc come into view.
The wraith hits you.
* * * LOW HITPOINT WARNING * * *
The orc sorcerer gestures at you while chanting.
The bolt of negative energy hits you!
You feel drained.
You die...

,,,,,.....#.** #......##...#.##
,,*,,.@o....,* ##.##....#.....#
,,,*,....o..,** ####...........
,,**,.......,,* #.###.#..#...
,,,,,,,....o,** #.# ##.....#..
,,,,,,*,#...##### #.# #.........
,,,,,,,**#.)#.#.##.# ##........
,,,,,,** #..)§§§§.# ####.....#..
,,,,,,,* ##.#§WW@#####...........
,,,,,,** ###§@§#§##.............
,,,,,** #§W§§o......#........
,,,,,,* ##§##o...#......#....
,,,,,,*******######o##...#.#.....
,,,,,,,,,,,,,,,,,................
,,,,,,,,,,,,,,,,....o............
,******,,******#.###.###..######.
,*∩,,,*,,* #.* #.# *..#,,,∩#.


You could see Josephine, 3 wraiths, an orc sorcerer and 2 orcs.

Vanquished Creatures
  Gastronok (Lair:2)
  A frost giant (D:15)
  An orc warlord (Orc:1)
  Azrael (D:15)
  Harold (D:11)
  3 vault guards (D:13)
  9 hydras
  An anaconda (Lair:6)
  5 centaur warriors
  5 two-headed ogres
  An ogre mage (D:15)
  2 death yaks (Lair:5)
  Urug (D:13)
  A tengu warrior (D:15)
  Sonja (D:10)
  7 skeletal warriors
  A lindwurm (Lair:5)
  A wolf spider zombie (D:14)
  An orc knight (D:10)
  3 cyclopes (D:15)
  7 ugly things
  3 elephants
  A black mamba (Lair:6)
  Joseph (Lair:1)
  A black mamba (shapeshifter) (D:14)
  11 spiny frogs
  A rime drake (shapeshifter) (D:13)
  A freezing wraith (D:14)
  9 komodo dragons
  A tengu conjurer (D:15)
  4 trolls
  5 blink frogs
  5 slime creatures (D:13)
  A bog body (Lair:2)
  4 dream sheep (Lair:6)
  6 hippogriffs
  2 shadows
  3 wyverns
  A redback (shapeshifter) (D:13)
  A fire elemental (D:15)
  42 yaks
  2 hungry ghosts
  A steam dragon (D:11)
  A wraith (D:15)
  2 basilisks
  4 vampire mosquitoes (D:14)
  4 swamp worms (Lair:2)
  An acid dragon (D:13)
  2 wargs
  6 hell hounds (D:15)
  12 porcupines
  13 water moccasins
  4 sky beasts
  17 orc warriors
  2 ice beasts
  3 black bears
  2 eyes of draining
  A necrophage (D:6)
  12 ogres
  3 phantoms
  9 wolves
  13 centaurs
  12 crocodiles
  10 bullfrogs
  5 scorpions
  A wyvern skeleton (D:7)
  9 wights
  4 electric eels
  3 killer bees (D:8)
  8 crimson imps
  2 bullfrog zombies
  3 centaur zombies
  6 hounds
  2 quasits
  4 jellies
  12 orc priests
  A bullfrog skeleton (D:6)
  A centaur skeleton (D:6)
  An iguana (D:4)
  14 orc wizards
  4 worker ants
  A worker ant zombie (D:9)
  4 gnolls (D:6)
  A howler monkey skeleton (D:4)
  11 adders
  5 shadow imps
  2 oozes
  An adder zombie (D:9)
  4 worms
  A dart slug (D:1)
  5 leopard geckos
  47 orcs
  2 giant cockroaches
  8 goblins
  7 hobgoblins
  4 jackals (D:3)
  12 kobolds
  6 quokkas
  2 ball pythons
  5 bats
  4 frilled lizards
  3 rats
  2 plants (Lair:6)
510 creatures vanquished.

Vanquished Creatures (collateral kills)
  Erolcha (Orc:2)
  A death yak (Lair:5)
  2 yaks (D:12)
  An ice beast (D:7)
  2 ogres (D:15)
  2 killer bees (D:8)
9 creatures vanquished.

Vanquished Creatures (others)
  A centaur warrior (D:13)
  An orc wizard (Orc:2)
  An orc (Orc:2)
  35 fungi
  15 plants
  13 toadstools
66 creatures vanquished.

Grand Total: 585 creatures vanquished

Notes
Turn   | Place    | Note
-------+----------+-------------------------------------------
     0 | D:1      | iamserjio the Octopode Wanderer began the quest for the
                  | Orb.
     0 | D:1      | iamserjio set off with the following items: a +2 hand
                  | crossbow, 29 bolts, a +0 shortbow, 26 arrows, a potion of
                  | lignification, a ration
     0 | D:1      | Reached XP level 1. HP: 14/14 MP: 1/1
   140 | D:1      | Reached skill level 1 in Dodging
   157 | D:1      | Reached XP level 2. HP: 19/19 MP: 2/2
  1045 | D:2      | Reached XP level 3. HP: 18/25 MP: 3/3
  1433 | D:2      | Reached skill level 1 in Polearms
  1738 | D:2      | Reached skill level 1 in Short Blades
  1738 | D:2      | Reached XP level 4. HP: 13/30 MP: 4/4
  2067 | D:3      | Found a burning altar of Makhleb.
  2252 | D:3      | Became a worshipper of Makhleb the Destroyer
  2289 | D:3      | Found a transporter.
  2372 | D:3      | Found a transporter.
  2514 | D:3      | Reached XP level 5. HP: 36/36 MP: 5/5
  2664 | D:3      | Reached * piety under Makhleb
  2968 | D:3      | Reached XP level 6. HP: 42/42 MP: 6/6
  3612 | D:4      | Reached XP level 7. HP: 46/47 MP: 7/7
  4150 | D:4      | Found a staircase to the Ecumenical Temple.
  4296 | D:5      | Entered Level 5 of the Dungeon
  4297 | D:5      | Found a radiant altar of Vehumet.
  4450 | D:5      | Reached skill level 5 in Dodging
  4706 | D:5      | Found a bloodstained altar of Trog.
  4740 | D:5      | Reached skill level 5 in Short Blades
  4740 | D:5      | Reached XP level 8. HP: 43/54 MP: 8/8
  5065 | D:5      | Reached ** piety under Makhleb
  5211 | D:5      | Found an iron altar of Okawaru.
  5895 | D:6      | Reached skill level 2 in Stealth
  5895 | D:6      | Reached skill level 1 in Evocations
  6011 | D:6      | Reached skill level 1 in Invocations
  6169 | D:6      | Reached skill level 5 in Fighting
  6524 | D:6      | Reached skill level 3 in Stealth
  6540 | D:6      | Reached XP level 9. HP: 41/61 MP: 10/10
  7102 | D:5      | Found a basalt altar of Yredelemnul.
  7169 | D:7      | Reached skill level 4 in Stealth
  7358 | D:7      | Reached *** piety under Makhleb
  7743 | D:7      | Reached skill level 5 in Stealth
  8988 | D:8      | Reached XP level 10. HP: 40/68 MP: 12/12
  9190 | D:8      | Reached skill level 6 in Stealth
  9539 | D:8      | Found a staircase to the Lair.
  9578 | D:8      | Reached skill level 1 in Long Blades
 11047 | D:9      | Identified the +2 short sword "Exaogh" {freeze, MR+ Str+4}
 11375 | D:9      | Reached skill level 7 in Stealth
 12222 | D:10     | Entered Level 10 of the Dungeon
 12222 | D:10     | Found a sparkling altar of Nemelex Xobeh.
 12576 | D:10     | Noticed an orc knight
 12715 | Lair:1   | Entered Level 1 of the Lair of Beasts
 12717 | Lair:1   | Reached skill level 1 in Shields
 13229 | D:8      | Reached XP level 11. HP: 75/75 MP: 13/13
 13469 | D:10     | Noticed Sonja
 13475 | D:10     | Killed Sonja
 13475 | D:10     | Reached skill level 8 in Stealth
 13510 | D:10     | Reached skill level 5 in Long Blades
 13740 | D:10     | Killed an orc knight
 14128 | D:11     | Noticed Harold
 14173 | D:11     | Found a gate leading to a gauntlet.
 14210 | Gauntlet | Entered a Gauntlet
 14210 | Gauntlet | Found a transporter.
 14362 | Gauntlet | Found a transporter.
 14364 | Gauntlet | Found a transporter.
 14366 | Gauntlet | Found a transporter.
 14387 | Gauntlet | Found a transporter.
 14396 | Gauntlet | Found a transporter.
 14402 | Gauntlet | Found a transporter.
 14419 | Gauntlet | Found a transporter.
 14436 | Gauntlet | Found a transporter.
 14436 | Gauntlet | Noticed a necromancer
 14438 | Gauntlet | Noticed a death yak
 14438 | Gauntlet | Noticed a death yak
 14439 | Gauntlet | Noticed a death yak
 14440 | Gauntlet | Noticed a death yak
 14448 | Gauntlet | Found a transporter.
 14448 | Gauntlet | Noticed an orange crystal statue
 14460 | Gauntlet | Found a transporter.
 14472 | Gauntlet | Found a transporter.
 14472 | Gauntlet | Noticed a catoblepas
 14483 | Gauntlet | Noticed a hell hog
 14484 | Gauntlet | Found a transporter.
 14510 | Gauntlet | Found a transporter.
 14525 | Gauntlet | Found a transporter.
 14527 | Gauntlet | Found a transporter.
 14528 | Gauntlet | Noticed an oklob plant
 14606 | D:11     | Reached **** piety under Makhleb
 14735 | D:11     | Reached skill level 10 in Dodging
 15164 | D:11     | Noticed a white ugly thing
 15278 | D:11     | Found a staircase to the Orcish Mines.
 16002 | D:12     | Learned a level 1 spell: Confusing Touch
 16438 | D:12     | Reached skill level 1 in Hexes
 16686 | D:12     | Reached skill level 9 in Stealth
 16996 | D:13     | Noticed a skeletal warrior
 16996 | D:13     | Noticed a skeletal warrior
 16996 | D:13     | Noticed a skeletal warrior
 16996 | D:13     | Noticed a skeletal warrior
 17155 | D:10     | Noticed a two-headed ogre
 17168 | D:10     | Killed a two-headed ogre
 17168 | D:10     | Reached skill level 1 in Spellcasting
 17719 | D:8      | Reached XP level 12. HP: 61/82 MP: 14/14
 17817 | Lair:1   | Noticed Joseph
 17960 | Lair:1   | Killed Joseph
 18586 | Lair:2   | Noticed Gastronok
 18632 | Lair:2   | Killed Gastronok
 18632 | Lair:2   | Reached skill level 10 in Stealth
 18692 | Lair:2   | Noticed an eight-headed hydra
 18714 | Lair:2   | Killed a six-headed hydra
 19405 | Lair:2   | Found a staircase to the Swamp.
 20534 | Lair:3   | Found a runed gate.
 20536 | Lair:3   | Noticed an eight-headed hydra
 20538 | Lair:3   | Found a runed gate.
 20538 | Lair:3   | Found a runed gate.
 20538 | Lair:3   | Noticed a death ooze
 20539 | Lair:3   | Noticed tilp's ghost (journeyman MfIE)
 20716 | Lair:3   | Found a staircase to the Snake Pit.
 20729 | Lair:3   | Noticed a seven-headed hydra
 20808 | Lair:3   | Killed a seven-headed hydra
 21085 | Lair:3   | Found a viscous altar of Jiyva.
 21252 | Lair:4   | Reached skill level 11 in Stealth
 22102 | Lair:4   | Reached XP level 13. HP: 88/88 MP: 19/19
 22233 | Lair:4   | Reached XP level 14. HP: 94/94 MP: 20/20
 23320 | Lair:6   | Entered Level 6 of the Lair of Beasts
 23437 | Lair:6   | Found an ancient bone altar of Kikubaaqudgha.
 23537 | Lair:6   | Identified the Handbook of Hexes
 24038 | Lair:5   | Reached skill level 12 in Stealth
 26784 | Lair:6   | Found a staircase to the Slime Pits.
 27167 | Lair:6   | Noticed a dire elephant
 27167 | Lair:6   | Noticed a dire elephant
 27168 | Lair:6   | Found the cursed necklace of Bloodlust {*Rage +Rage MR++
                  | Int-3 Slay+6 *Curse}
 27209 | Lair:6   | Noticed a dire elephant
 27212 | Lair:6   | Noticed a dire elephant
 27677 | D:11     | Killed Harold
 27754 | D:12     | Reached skill level 13 in Stealth
 27818 | D:13     | Found a runed gate.
 27821 | D:13     | Found an opulent altar of Gozag.
 27822 | D:13     | Found a runed gate.
 27822 | D:13     | Found a runed gate.
 27822 | D:13     | Noticed Iseh's ghost (journeyman FoFi)
 27982 | D:13     | Found a gate to the Vaults.
 28017 | D:13     | Noticed Urug
 28483 | D:13     | Reached ***** piety under Makhleb
 28760 | D:13     | Reached XP level 15. HP: 101/102 MP: 21/21
 28815 | D:13     | Killed Urug
 30224 | D:14     | Reached skill level 5 in Evocations
 30301 | D:14     | Reached skill level 10 in Fighting
 30863 | D:15     | Entered Level 15 of the Dungeon
 30924 | D:15     | Noticed Azrael
 31125 | D:15     | Found a blossoming altar of Fedhas.
 31166 | D:15     | Found a portal to a secret trove of treasure.
 31370 | D:15     | Found a runed door.
 31488 | D:15     | Killed Azrael
 31973 | D:14     | Reached skill level 14 in Stealth
 32621 | D:15     | Noticed a frost giant
 32631 | D:15     | Killed a frost giant
 32634 | D:15     | Reached skill level 5 in Shields
 32635 | D:15     | Found a staircase to the Depths.
 33021 | Orc:1    | Entered Level 1 of the Orcish Mines
 33092 | Orc:1    | Noticed an orc warlord
 33108 | Orc:1    | Killed an orc warlord
 33532 | Orc:2    | Entered Level 2 of the Orcish Mines
 33541 | Orc:2    | Noticed Erolcha
 33553 | Orc:2    | Killed Erolcha
 33724 | Orc:2    | Noticed Josephine
 33751 | Orc:2    | Killed from afar by an orc sorcerer

Vault maps used:
D:1:      minmay_arrival_four_houses, chequers_serial_rivers_room_a,
          minmay_gold_behind_fungi
D:2:      cheibrodos_fertilizer, first_ration
D:3:      gammafunk_wand_slinger, bloody_makhleb
D:4:      temple_green
D:5:      vehumet_altar_wand_db, nicolae_overflow_hidden_temple,
          trog_three_pillars_becter
D:6:      grunt_tough_drop
D:8:      due_lair_maze_entry_diamond, serial_glass, glass_columns_b,
          glass_columns_b, glass_columns_a
D:10:     basic_altar, uniq_sonja
D:11:     orc_0_dummy, gauntlet_entry_generic, uniq_harold
D:13:     lightli_vaults_fourway_checkpoint, ebering_ghost_gozag, uniq_urug
D:14:     corexii_leaking_fountain
D:15:     grunt_enter_depths_snipers, fedhas_altar_4,
          nicolae_trove_entry_crossroad, minmay_crystal_box, uniq_azrael
Lair:1:   dpeg_stationary_puzzle, uniq_joseph
Lair:2:   nicolae_swamp_entry_splash_gauntlet, uniq_gastronok
Lair:3:   dummy_snake_entry, gammafunk_ghost_ooze
Lair:4:   grunt_megastairs_2
Lair:5:   serial_bayou_ford_a, lemuel_fruit_tree
Lair:6:   due_jungle_book, dpeg_slime_entry_corner, basic_altar
Orc:1:    serial_shops, shop
Orc:2:    st_orc_town, serial_shops, nicolae_shop_trees, basic_altar,
          uniq_erolcha, uniq_josephine
Gauntlet: gammafunk_gauntlet_one_two_three

Skill      XL: |  1  2  3  4  5  6  7  8  9 10 11 12 13 14 15 |
---------------+----------------------------------------------+-----
Dodging        | 1 2 3 4 5 6 8 9 10 11 12 13 | 13.9
Polearms       | 1 |  1.1
Short Blades   | 1 2 3 5 6 |  6.8
Fighting       | 3 4 5 6 7 8 9 10 | 10.5
Stealth        | 3 5 7 9 11 13 14 | 14.0
Evocations     | 2 3 4 5 |  5.5
Invocations    | 1 3 |  3.6
Long Blades    | 4 7 9 12 13 | 13.4
Shields        | 2 4 5 |  5.7
Hexes          | 2 |  2.1
Spellcasting   | 1 4 |  4.0
Axes           | |  2.0
Crossbows      | |  4.0
Throwing       | |  1.0

Action                   |  1- 3 |  4- 6 |  7- 9 | 10-12 | 13-15 || total
-------------------------+-------+-------+-------+-------+-------++-------
Melee: Short sword       |    10 |    87 |   259 |    24 |       ||   380
       Tentacles         |     7 |    12 |    60 |   186 |   305 ||   570
       Spear             |    14 |       |       |       |       ||    14
       Constrict         |     3 |    11 |    43 |    71 |    76 ||   204
       Long sword        |       |       |       |   480 |   605 ||  1085
       Dagger            |       |       |       |    29 |    62 ||    91
       Great sword       |       |       |       |       |   200 ||   200
       Scimitar          |       |       |       |       |     3 ||     3
 Fire: Hand crossbow     |    36 |       |    25 |       |       ||    61
       Blowgun           |       |       |       |     5 |       ||     5
Throw: Tomahawk          |       |       |       |     1 |     4 ||     5
 Cast: Confusing Touch   |       |       |       |     1 |    33 ||    34
Invok: Lesser Servant of |       |       |     3 |     5 |    11 ||    19
       Minor Destruction |       |       |       |     1 |       ||     1
Evoke: Wand              |       |     3 |     9 |    42 |    49 ||   103
  Use: Potion            |     1 |       |     4 |     1 |     7 ||    13
       Scroll            |       |       |     9 |    10 |    15 ||    34
 Stab: Sleeping          |     1 |     6 |     9 |    40 |    28 ||    84
       Paralysed         |       |       |     3 |     5 |     9 ||    17
       Invisible         |       |       |     4 |       |       ||     4
       Distracted        |       |       |       |     2 |     5 ||     7
       Confused          |       |       |       |     3 |    36 ||    39
  Eat: Chunk             |     2 |     6 |    25 |    39 |    24 ||    96
       Ration            |       |       |       |     1 |     4 ||     5
Armor: Skin              |     2 |     8 |     8 |    22 |   109 ||   149
Dodge: Dodged            |    20 |    47 |   159 |   370 |   528 ||  1124
Block: Buckler           |       |       |       |   139 |   274 ||   413
       Reflection        |       |       |       |     1 |    22 ||    23
       Other             |       |       |       |       |    72 ||    72
       Rpst.: Long sword |       |       |       |   109 |    66 ||   175
       Great sword       |       |       |       |       |    38 ||    38

Table legend:
 A = Non-vault XP
 B = Vault XP
 C = Vault XP percentage of total XP
 D = Non-vault monster count
 E = Vault monster count
 F = Vault count percentage of total count
                 A         B        C        D         E       F
            +---------+---------+-------+---------+---------+-------
      Total |   78025 |   21568 |  21.7 |     451 |      67 |  12.9
            +---------+---------+-------+---------+---------+-------
        D:1 |      17 |       0 |   0.0 |       9 |       0 |   0.0
        D:2 |      37 |      59 |  61.5 |      12 |       8 |  40.0
        D:3 |     223 |     149 |  40.1 |      31 |       5 |  13.9
        D:4 |     471 |       0 |   0.0 |      10 |       0 |   0.0
        D:5 |     639 |       2 |   0.3 |      18 |       1 |   5.3
        D:6 |    1184 |      46 |   3.7 |      28 |       3 |   9.7
        D:7 |    1491 |       0 |   0.0 |      20 |       0 |   0.0
        D:8 |    2906 |    1335 |  31.5 |      26 |      11 |  29.7
        D:9 |    1712 |       0 |   0.0 |      29 |       0 |   0.0
       D:10 |    2812 |     788 |  21.9 |      16 |       1 |   5.9
       D:11 |    1767 |    1013 |  36.4 |      17 |       1 |   5.6
       D:12 |    3615 |       0 |   0.0 |      21 |       0 |   0.0
       D:13 |    9358 |    6668 |  41.6 |      26 |      11 |  29.7
       D:14 |    7651 |       0 |   0.0 |      31 |       0 |   0.0
       D:15 |    9009 |    5590 |  38.3 |      26 |      11 |  29.7
     Lair:1 |    1290 |     502 |  28.0 |       6 |       3 |  33.3
     Lair:2 |    3728 |    3071 |  45.2 |      14 |       7 |  33.3
     Lair:3 |    2186 |       0 |   0.0 |       8 |       0 |   0.0
     Lair:4 |    3898 |     677 |  14.8 |      22 |       2 |   8.3
     Lair:5 |   11457 |       0 |   0.0 |      35 |       0 |   0.0
     Lair:6 |    9570 |     938 |   8.9 |      25 |       1 |   3.8
      Orc:1 |    2526 |       0 |   0.0 |      13 |       0 |   0.0
      Orc:2 |     478 |     730 |  60.4 |       8 |       2 |  20.0
            +---------+---------+-------+---------+---------+-------
